Map: Triton LE

Players

Heeebs - Winner!

  • Race: Protoss Protoss
  • League: Diamond
  • Spawn Location: 11:00

A.I. 2 (Elite)

  • Race: Terran Terran
  • Spawn Location: 5:00

VOD

Have the link to the VOD?

Description

Time

  • Played on: Nov. 9, 2019, 7:44 p.m.
  • Length: 11:50
Show
View Real Time Build Order
Export as new Build Order

Heeebs Protoss - Winner!

Build Orders: 1 Gate Expand, Archon Immortal 

Get SALT Encoding   

  12  0:00  Probe  
  13  0:12  Probe  
  14  0:22  Pylon  
  14  0:25  Probe (Chrono Boost)  
  15  0:39  Probe (Chrono Boost)  
  15  0:41  Gateway  
  16  0:46  Assimilator  
  16  0:48  Probe  
  17  1:00  Probe  
  18  1:12  Probe  
  19  1:24  Probe  
  20  1:28  Nexus  
  20  1:39  Cybernetics Core  
  20  1:41  Probe  
  21  1:47  Assimilator  
  21  1:55  Probe (Chrono Boost)  
  22  2:01  Pylon  
  22  2:05  Probe (Chrono Boost)  
  23  2:17  Stalker (Chrono Boost)  
  23  2:18  Warp Gate  
  25  2:26  Robotics Facility  
  25  2:29  Gateway  
  25  2:33  Probe  
  26  2:40  Gateway  
  26  2:44  Probe  
  26  2:48  Adept (Chrono Boost)  
  29  2:54  Probe  
  29  2:57  Probe  
  31  3:06  Probe  
  31  3:09  Probe  
  31  3:10  Adept (Chrono Boost)  
  35  3:18  Probe  
  36  3:21  Probe  
  36  3:26  Pylon  
  37  3:30  Probe  
  37  3:33  Probe  
  39  3:37  Adept (Chrono Boost)  
  41  3:42  Robotics Facility  
  41  3:46  Probe, Twilight Council  
  41  3:48  Probe  
  43  3:59  Probe  
  43  4:00  Probe  
  43  4:01  Pylon  
  45  4:08  Adept x2  
  49  4:10  Adept  
  49  4:11  Probe  
  49  4:13  Probe  
  53  4:22  Pylon  
  53  4:23  Probe  
  54  4:25  Probe  
  54  4:29  Assimilator  
  54  4:31  Assimilator  
  55  4:35  Probe  
  55  4:36  Immortal (Chrono Boost)  
  55  4:37  Probe  
  61  4:46  Templar Archives  
  61  4:48  Charge, Probe  
  62  4:54  Pylon  
  62  4:56  Probe  
  63  5:00  Pylon, Probe  
  64  5:20  Nexus  
  64  5:23  Pylon  
  64  5:30  Forge  
  64  5:32  Forge, Probe  
  64  5:34  Probe  
  66  5:36  Pylon  
  66  5:38  High Templar x2  
  66  5:41  Zealot  
  72  5:43  Archon  
  72  5:47  Immortal (Chrono Boost)  
  76  5:52  Probe x2  
  78  5:58  Protoss Ground Weapons Level 1 (Chrono Boost)  
  78  5:59  Protoss Ground Armor Level 1 (Chrono Boost)  
  78  6:04  Probe x2  
  80  6:13  Gateway  
  80  6:15  Gateway  
  80  6:16  Probe  
  81  6:24  Gateway  
  81  6:28  Gateway  
  81  6:32  Gateway  
  81  6:34  Pylon  
  81  6:36  High Templar  
  81  6:38  High Templar  
  85  6:42  Archon, Probe  
  85  6:43  Probe x2  
  85  6:47  Observer  
  89  6:51  Gateway  
  89  6:53  Gateway  
  89  6:55  Probe x3  
  89  7:00  Pylon  
  92  7:06  Assimilator  
  92  7:07  Probe  
  92  7:08  Pylon, Assimilator, Probe  
  94  7:16  Immortal  
  94  7:22  Probe x3  
  99  7:26  Pylon, High Templar x3  
  99  7:27  High Templar  
  99  7:29  Zealot  
  109  7:30  Archon  
  109  7:31  Archon  
  109  7:34  Probe  
  109  7:35  Probe  
  109  7:37  Gateway  
  111  7:40  Gateway  
  111  7:42  Pylon  
  111  7:43  Probe  
  112  7:44  Protoss Ground Weapons Level 2 (Chrono Boost)  
  112  7:47  Protoss Ground Armor Level 2 (Chrono Boost)  
  112  7:50  Probe x2  
  114  7:53  Pylon, High Templar x2  
  114  7:55  Zealot, Probe  
  114  7:56  Zealot  
  114  7:58  Archon  
  123  8:16  High Templar  
  125  8:23  Nexus, High Templar  
  125  8:25  Pylon  
  125  8:26  Immortal (Chrono Boost)  
  127  8:27  Archon  
  131  8:35  Pylon  
  131  8:42  Pylon  
  131  8:44  Zealot  
  131  8:45  Zealot x3  
  139  8:48  Pylon  
  139  8:50  Zealot  
  139  8:52  Zealot  
  139  8:54  Probe  
  139  8:55  Probe  
  145  8:56  Probe  
  146  9:04  Immortal  
  150  9:14  Zealot x4  
  145  9:26  Zealot x5  
  141  9:36  High Templar x5  
  141  9:37  High Templar x2  
  143  9:40  Archon x2  
  143  9:41  Archon  
  141  9:49  Immortal  
  141  9:51  Zealot x3  
  151  9:53  Probe x3  
  151  9:58  Pylon, Probe  
  155  10:00  Assimilator  
  155  10:03  Assimilator  
  155  10:05  Probe x2  
  157  10:11  Probe x2  
  158  10:22  High Templar  
  158  10:28  Zealot x3  
  158  10:29  Zealot x5  
  174  10:41  Zealot x3  
  180  10:51  Immortal, Zealot x2  
  180  10:52  Zealot x5  
  180  10:55  Probe x2  
  188  11:35  Probe x2  
  188  11:36  Probe x2  
  188  11:37  Zealot x5  
Show
View Real Time Build Order
Export as new Build Order

A.I. 2 (Elite) Terran 

Build Orders:  

Get SALT Encoding   

  12  0:00  SCV  
  13  0:13  SCV  
  14  0:18  Supply Depot  
  14  0:25  SCV  
  15  0:40  SCV  
  16  0:43  Barracks  
  16  0:52  SCV  
  17  1:04  SCV  
  18  1:16  Supply Depot, SCV  
  19  1:21  Refinery  
  19  1:28  SCV  
  19  1:30  Marine  
  21  1:40  SCV  
  22  1:48  Marine  
  22  1:51  Barracks  
  22  1:52  SCV  
  24  1:55  Refinery  
  24  2:02  Supply Depot  
  24  2:04  SCV  
  24  2:06  Marine  
  26  2:16  SCV  
  27  2:24  Marine  
  27  2:26  Factory  
  27  2:29  SCV  
  29  2:37  Marine  
  29  2:41  Marine, SCV  
  31  2:53  SCV  
  31  2:55  Marine  
  33  2:59  Marine  
  33  3:05  SCV  
  35  3:10  Barracks  
  35  3:13  Marine  
  35  3:17  Barracks Tech Lab, SCV  
  37  3:29  SCV  
  37  3:33  Barracks Tech Lab, Starport, Factory Tech Lab  
  38  3:41  SCV  
  38  3:42  Supply Depot  
  39  4:01  Stimpack  
  39  4:04  Marine x2, SCV  
  39  4:07  Combat Shield  
  42  4:16  SCV  
  43  4:28  SCV  
  44  4:40  SCV  
  44  4:43  Supply Depot  
  46  4:52  SCV  
  46  5:02  Barracks Reactor  
  46  5:04  SCV  
  46  5:05  Marauder, Marine, Medivac  
  46  5:06  Barracks  
  52  5:08  Supply Depot  
  52  5:10  Command Center  
  52  5:17  SCV  
  53  5:23  Marauder  
  55  5:30  Marauder  
  55  5:31  Engineering Bay  
  55  5:35  Starport Reactor  
  57  5:43  Supply Depot  
  57  5:46  Marauder  
  59  5:52  Marauder  
  61  5:58  Terran Infantry Weapons Level 1  
  61  6:08  Marauder  
  63  6:13  Marauder  
  63  6:15  Engineering Bay  
  64  6:20  Supply Depot  
  64  6:23  SCV  
  64  6:25  SCV  
  66  6:29  Marauder  
  68  6:35  SCV  
  68  6:37  SCV  
  70  6:41  Terran Infantry Armor Level 1  
  71  6:47  Marine x2, Concussive Shells, Medivac, SCV  
  71  6:49  SCV  
  71  6:51  Marauder  
  78  6:54  Marine  
  78  6:56  Marine  
  78  6:59  SCV  
  81  7:05  Marauder  
  83  7:09  Command Center  
  83  7:11  SCV  
  84  7:17  Supply Depot  
  84  7:19  Orbital Command  
  84  7:23  Marauder  
  84  7:27  Marauder  
  84  7:29  Missile Turret  
  88  7:34  Missile Turret  
  88  7:35  Medivac  
  90  7:39  Medivac  
  92  7:44  Marine  
  92  7:45  Supply Depot  
  92  7:46  Marine  
  92  7:48  Marine  
  92  7:50  Marine  
  96  8:02  Marauder  
  96  8:04  Missile Turret  
  98  8:05  Viking  
  98  8:06  Marauder  
  98  8:11  Supply Depot  
  102  8:15  Viking  
  103  8:22  SCV  
  103  8:24  SCV  
  105  8:27  SCV  
  106  8:34  SCV  
  106  8:35  Viking  
  106  8:36  SCV  
  106  8:39  SCV  
  111  8:44  Armory  
  111  8:47  SCV  
  112  8:48  SCV  
  112  8:51  SCV  
  114  8:59  Missile Turret, SCV  
  114  9:00  SCV  
  116  9:03  SCV  
  116  9:07  Supply Depot  
  117  9:10  Missile Turret  
  117  9:11  SCV  
  117  9:13  SCV  
  117  9:14  Viking  
  117  9:15  SCV  
  122  9:20  Viking  
  122  9:23  Marauder, SCV  
  126  9:25  Marauder  
  126  9:30  Orbital Command, Refinery  
  126  9:33  Supply Depot  
  126  9:34  Marine x2  
  126  9:35  Marine  
  100  9:44  Marine  
  81  9:46  Marine  
  81  9:48  Refinery  
  81  9:52  Marine x2, Refinery  
  84  9:53  Marine, SCV  
  84  9:54  SCV  
  87  10:01  Ghost Academy  
  87  10:02  Marauder  
  87  10:04  Marine  
  90  10:09  Refinery  
  90  10:10  Marine x2  
  90  10:11  Marine, SCV  
  93  10:14  SCV  
  86  10:22  Marauder  
  86  10:24  Marauder, SCV  
  86  10:26  SCV  
  73  10:32  Marine  
  74  10:36  SCV  
  74  10:38  SCV  
  74  10:41  Marine  
  77  10:43  Marine  
  77  10:44  Marauder, Ghost  
  77  10:48  SCV  
  77  10:49  Command Center  
  83  10:50  SCV  
  84  11:01  SCV  
  84  11:02  SCV  
  84  11:05  Marauder  
  81  11:13  Marauder, SCV  
  73  11:25  SCV  
  49  11:26  Marauder  
Tags
 
Composition
Archon Immortal
League
Diamond
Matchup
PvT
Spawn Locations
Cross Positions
Add a new tag
Caveats
  • Supply blocks, unpowered buildings, or Contaminate may cause inaccurate times.
  • Supply counts are checked every 10 seconds.